 Dungeon Crawl Stone Soup version 0.28-a0-750-g7c675f85b1 (webtiles) character file.

Game seed: 2133422205439487254

2 KoroneIsBestGirl the Skirmisher (level 1, 0/16 HPs)
             Began as a Vine Stalker Berserker on Oct 29, 2021.
             Was a Follower of Trog.
             Slain by a hobgoblin (2 damage)
             ... on level 1 of the Dungeon.
             The game lasted 00:00:12 (49 turns).

KoroneIsBestGirl the Skirmisher (VSBe)                Turns: 49, Time: 00:00:13

Health: 0/16       AC:  2    Str: 19    XL:     1   Next: 30%
Magic:  0/2        EV:  9    Int:  7    God:    Trog [*.....]
Gold:   35         SH:  0    Dex: 13    Spells: 0/0 levels left

rFire   . . .      SeeInvis .   a - +0 falchion
rCold   . . .      Faith    .   (no shield)
rNeg    . . .      Spirit   +   b - +0 animal skin
rPois   .          Reflect  .   (no helmet)
rElec   .          Harm     .   (no cloak)
rCorr   .          Rampage  .   (no gloves)
Will    .....                   (no boots)
Stlth   ..........              (no amulet)
HPRegen 0.05/turn               (no ring)
MPRegen 0.08/turn               (no ring)

@: berserking, constricted, very quick
A: fangs 2, magic shield, antimagic bite, no potion heal 2
a: Renounce Religion, Berserk


You were on level 1 of the Dungeon.
You worshipped Trog.
Trog was aware of your devotion.
You visited 1 branch of the dungeon, and saw 1 of its levels.

You collected 35 gold pieces.

Inventory:

Hand Weapons
 a - a +0 falchion (weapon)
Armour
 b - a +0 animal skin (worn)


   Skills:
 + Level 2.7 Fighting
 + Level 2.7 Long Blades
 + Level 1.6 Armour
 + Level 1.6 Dodging


You couldn't memorise any spells.
You didn't know any spells.
Your spell library was empty.

Dungeon Overview and Level Annotations

Branches:
Dungeon (1/15)

Altars:

Annotations:
D:1 1 runed translucent door


Innate Abilities, Weirdness & Mutations

You have extremely sharp teeth.
When hurt, damage is shared between your health and your magic reserves.
Your bite disrupts and absorbs the magic of your enemies.
Potions cannot restore your health.


Message History

You barely miss the goblin. The goblin hits you with a +0 dagger.
A goblin is nearby!
You slash the goblin!
You kill the goblin!
Trog accepts your kill.
No target in view!
No target in view!
Found 18 gold pieces.
An endoplasm comes into view.
The endoplasm quivers.
There are no items here.
A hobgoblin comes into view.
The hobgoblin shouts!
The endoplasm freezes you.
You are frozen.
You slash the endoplasm!
You kill the endoplasm!
Trog accepts your kill. The hobgoblin barely misses you.
A ball python comes into view.
The ball python hisses angrily.
You hit the hobgoblin but do no damage. Your bite misses the hobgoblin.
The hobgoblin hits you but does no damage.
You hit the hobgoblin but do no damage. Your bite misses the hobgoblin.
The hobgoblin hits you.
* * * LOW HITPOINT WARNING * * *
You are too injured to fight recklessly!
You are too injured to fight recklessly!
You are too injured to fight recklessly!
A red film seems to cover your vision as you go berserk!
You feel yourself moving faster!
You feel mighty! The hobgoblin hits you.
* * * LOW HITPOINT WARNING * * *
You hit the hobgoblin.
The hobgoblin is severely wounded.
The hobgoblin closely misses you. The ball python closely misses you.
The ball python grabs you. The ball python constricts you.
You closely miss the hobgoblin. Your bite misses the hobgoblin.
The hobgoblin is severely wounded.
The hobgoblin hits you.
You die...

##.#. ... ....# ..
#.... # .. ..
#....#.#. ....
#.#...#. #....
#......##.#..
#....gS#.#.#..#
.##.#..@..#.##..##
...........##....##
.##.#......#......#
..........#......#
.##.#......##....#
. #.#[....#.##).#
.#
#......#.#.#..#.#
#......##.#....#?#
#.#...#.##......##


You could see a hobgoblin and a ball python.

Vanquished Creatures
  An endoplasm (D:1)
  A goblin (D:1)
2 creatures vanquished.

Notes
Turn   | Place    | Note
-------+----------+-------------------------------------------
     0 | D:1      | KoroneIsBestGirl the Vine Stalker Berserker began the quest
                  | for the Orb.
     0 | D:1      | Reached XP level 1. HP: 11/11 MP: 2/2
     1 | D:1      | Found a runed translucent door.
    49 | D:1      | Slain by a hobgoblin

Illustrated notes

Levels and vault maps discovered:
D:1:      dpeg_arrival_caged_fury, layout_basic, st_stairs_11,
          minmay_misc_feat_secret_circle

Action                   || total
-------------------------++-------
Melee: Falchion          ||     7
Invok: Berserk           ||     1
Armor: Animal skin       ||     1
Dodge: Dodged            ||     3

Table legend: (Time is in decaauts)
 A = Elapsed time spent in this place.
 B = Non-inter-level travel time spent in this place.
 C = Inter-level travel time spent in this place.
 D = Time resting spent in this place.
 E = Time spent auto-exploring this place.
 F = Levels seen in this place.
 G = Mean time per level.
                   A        B        C        D        E       F      G
               +--------+--------+--------+--------+--------+-----+--------+
         Total |     49 |     46 |      3 |      0 |     27 |   1 |   49.0 |
       Dungeon |     49 |     46 |      3 |      0 |     27 |   1 |   49.0 |
               +--------+--------+--------+--------+--------+-----+--------+

Top non-repeatable levels by time:
     D:1: 49 daAuts
